[ AOE2 MATCH · #472190851 ]
UnrankedLithuanians vs Persians
[ REPLAY ANALYSIS · EXTRACTED FROM THE RECORDED GAME ]
Feudal
10:07
Castle
25:41
Imperial
48:21
| APM avg | 37.8 |
| APM peak | 98 |
| eAPM avg | 14.1 |
| Villagers / military | 97 / 159 |
Focus
⚔️ 37.7% · 🌾 62.3%
Knight ×133 · Scout Cavalry ×23 · Monk ×2 · Spearman ×1
Feudal
10:02
Castle
23:50
Imperial
42:08
| APM avg | 24.4 |
| APM peak | 75 |
| eAPM avg | 15.3 |
| Villagers / military | 159 / 278 |
Focus
⚔️ 25.4% · 🌾 74.6%
Knight ×133 · Scout Cavalry ×81 · Battle Elephant ×57 · Monk ×4 · Galley ×2 · Transport Ship ×1
Feudal
8:50
Castle
22:02
Imperial
38:58
| APM avg | 34.3 |
| APM peak | 108 |
| eAPM avg | 16.7 |
| Villagers / military | 170 / 230 |
Focus
⚔️ 26.2% · 🌾 73.8%
Knight ×158 · Camel Scout ×46 · Trade Cart ×18 · Scout Cavalry ×11 · Fishing Ship ×10 · Demolition Raft ×5
Feudal
11:21
Castle
26:36
Imperial
43:46
| APM avg | 40.4 |
| APM peak | 75 |
| eAPM avg | 19.2 |
| Villagers / military | 108 / 191 |
Focus
⚔️ 47.6% · 🌾 52.4%
Bolas Rider ×171 · Unknown (2550) ×28 · Skirmisher ×10 · Kona ×5 · Spearman ×5
Feudal
10:46
Castle
22:54
Imperial
42:44
| APM avg | 43.6 |
| APM peak | 107 |
| eAPM avg | 20.7 |
| Villagers / military | 99 / 253 |
Focus
⚔️ 44.4% · 🌾 55.6%
Archer ×247 · Trade Cart ×11 · Trebuchet (Packed) ×5 · Transport Ship ×1
Feudal
10:58
Castle
25:26
Imperial
—
| APM avg | 43.2 |
| APM peak | 113 |
| eAPM avg | 19.2 |
| Villagers / military | 96 / 146 |
Focus
⚔️ 31.3% · 🌾 68.7%
Archer ×137 · Spearman ×6 · Battering Ram ×3
Feudal
9:01
Castle
19:27
Imperial
38:16
| APM avg | 28.7 |
| APM peak | 61 |
| eAPM avg | 17.3 |
| Villagers / military | 198 / 242 |
Focus
⚔️ 22.8% · 🌾 77.2%
Mangudai ×116 · Scout Cavalry ×113 · Steppe Lancer ×8 · Trebuchet (Packed) ×4 · Monk ×1
Feudal
9:49
Castle
29:00
Imperial
—
| APM avg | 24.9 |
| APM peak | 61 |
| eAPM avg | 12.3 |
| Villagers / military | 113 / 59 |
Focus
⚔️ 25.4% · 🌾 74.6%
Knight ×31 · Scout Cavalry ×27 · Militia ×1
Match map
Initial resources + every placement click. Lines = walls · curves = elevation contours. ◆ gold · ⬟ stone · ● berries · ✦ relic · ◌ wall gap
Your base· Open — unwalled flank
[VA] Elfo_ricota's base· ✓ Closed at 23:50 · 35t walls · 1 gate(s)
|MP| Juanete177's base· ✓ Closed at 22:02 · 28t walls · 1 gate(s)
LeosMind's base· ✓ Closed at 26:36 · 64t walls · 1 gate(s)
ajja13849's base· Open — 7t gap
Anoobis's base· Open — unwalled flank
bruce6633's base· Open — unwalled flank
ofespinelman's base· ✓ Closed at 29:00 · 46t walls · 1 gate(s)
Smoothed initial terrain · ◌ = detected wall gap · hover for details
Inputs per minute
— Mashan - - [VA] Elfo_ricota
Build order — Mashan
First 150 of 349 actions detected
| 0:02 | Build | House |
| 0:04 | Build | House |
| 0:28 | Queue | Villager (Male) |
| 0:29 | Queue | Villager (Male) |
| 0:29 | Queue | Villager (Male) |
| 0:29 | Queue | Villager (Male) |
| 0:30 | Queue | Villager (Male) |
| 0:30 | Queue | Villager (Male) |
| 1:35 | Queue | Villager (Male) |
| 2:17 | Queue | Villager (Male) |
| 2:21 | Build | Lumber Camp |
| 2:45 | Queue | Villager (Male) |
| 3:11 | Queue | Villager (Male) |
| 3:21 | Queue | Villager (Male) |
| 3:46 | Queue | Villager (Male) |
| 4:12 | Queue | Villager (Male) |
| 4:16 | Build | House |
| 4:38 | Queue | Villager (Male) |
| 5:12 | Build | House |
| 5:35 | Build | Mill |
| 6:17 | Queue | Villager (Male) |
| 6:42 | Queue | Villager (Male) |
| 6:43 | Research | Loom |
| 6:56 | Build | Barracks |
| 7:52 | Queue | Villager (Male) |
| 7:57 | Research | Feudal Age |
| 8:15 | Build | Lumber Camp |
| 8:25 | Queue | Villager (Male) |
| 9:42 | Queue | Villager (Male) |
| 10:07 | Age | Feudal Age |
| 10:21 | Build | Stable |
| 10:24 | Build | House |
| 10:29 | Build | Blacksmith |
| 10:32 | Research | Double-Bit Axe |
| 10:36 | Queue | Villager (Male) |
| 10:44 | Research | Horse Collar |
| 10:45 | Queue | Villager (Male) |
| 11:03 | Queue | Scout Cavalry |
| 11:18 | Queue | Scout Cavalry |
| 11:21 | Research | Scale Barding Armor |
| 11:42 | Queue | Villager (Male) |
| 12:02 | Build | Farm |
| 12:06 | Build | Farm |
| 12:07 | Queue | Villager (Male) |
| 12:16 | Queue | Scout Cavalry |
| 12:35 | Queue | Villager (Male) |
| 12:42 | Build | Farm |
| 12:45 | Build | Farm |
| 12:47 | Queue | Villager (Male) |
| 13:14 | Queue | Scout Cavalry |
| 13:23 | Build | House |
| 13:24 | Build | House |
| 13:25 | Queue | Spearman |
| 13:32 | Research | Forging |
| 13:45 | Queue | Villager (Male) |
| 13:50 | Research | Wheelbarrow |
| 13:53 | Build | Farm |
| 13:56 | Build | Farm |
| 14:03 | Build | House |
| 14:03 | Build | House |
| 14:06 | Build | House |
| 14:14 | Build | Stable |
| 14:27 | Queue | Scout Cavalry |
| 14:33 | Queue | Villager (Male) |
| 14:41 | Build | Mill |
| 14:48 | Queue | Scout Cavalry |
| 15:26 | Queue | Scout Cavalry |
| 15:27 | Queue | Villager (Male) |
| 15:42 | Build | Farm |
| 15:42 | Build | Farm |
| 15:42 | Build | Farm |
| 15:43 | Build | Farm |
| 15:43 | Build | Farm |
| 15:43 | Build | Farm |
| 16:26 | Queue | Scout Cavalry |
| 16:26 | Queue | Scout Cavalry |
| 16:29 | Queue | Villager (Male) |
| 16:55 | Queue | Scout Cavalry |
| 16:56 | Queue | Scout Cavalry |
| 17:13 | Queue | Villager (Male) |
| 17:14 | Queue | Villager (Male) |
| 17:16 | Build | Mining Camp |
| 17:25 | Queue | Scout Cavalry |
| 17:43 | Queue | Scout Cavalry |
| 17:44 | Queue | Villager (Male) |
| 18:01 | Queue | Scout Cavalry |
| 18:28 | Queue | Scout Cavalry |
| 18:28 | Queue | Scout Cavalry |
| 18:35 | Queue | Villager (Male) |
| 18:42 | Build | Farm |
| 18:42 | Build | Farm |
| 18:42 | Build | Farm |
| 18:42 | Build | Farm |
| 18:52 | Queue | Scout Cavalry |
| 19:00 | Research | Bloodlines |
| 19:41 | Queue | Scout Cavalry |
| 19:41 | Queue | Villager (Male) |
| 19:42 | Queue | Villager (Male) |
| 20:07 | Queue | Villager (Male) |
| 20:11 | Build | Farm |
| 20:12 | Build | Farm |
| 20:13 | Build | Farm |
| 20:16 | Build | Farm |
| 20:18 | Build | Farm |
| 20:19 | Queue | Villager (Male) |
| 20:21 | Build | Farm |
| 21:03 | Queue | Villager (Male) |
| 21:10 | Build | Farm |
| 21:10 | Build | Farm |
| 21:10 | Build | Farm |
| 21:12 | Queue | Villager (Male) |
| 21:19 | Queue | Scout Cavalry |
| 21:19 | Queue | Scout Cavalry |
| 21:25 | Queue | Villager (Male) |
| 21:47 | Queue | Scout Cavalry |
| 21:47 | Queue | Scout Cavalry |
| 21:48 | Queue | Villager (Male) |
| 22:53 | Research | Castle Age |
| 23:50 | Build | Stable |
| 23:51 | Build | House |
| 23:52 | Build | House |
| 23:58 | Build | Mining Camp |
| 24:01 | Research | Gold Mining |
| 24:08 | Queue | Villager (Male) |
| 25:12 | Build | Mining Camp |
| 25:16 | Queue | Villager (Male) |
| 25:35 | Build | Stable |
| 25:41 | Age | Castle Age |
| 25:42 | Build | House |
| 25:43 | Build | House |
| 25:44 | Queue | Knight |
| 25:44 | Queue | Knight |
| 25:44 | Queue | Knight |
| 25:46 | Queue | Knight |
| 25:55 | Research | Chain Barding Armor |
| 25:56 | Research | Iron Casting |
| 25:59 | Queue | Knight |
| 26:03 | Queue | Villager (Male) |
| 26:04 | Queue | Villager (Male) |
| 26:14 | Queue | Knight |
| 26:15 | Queue | Knight |
| 26:16 | Queue | Knight |
| 26:19 | Research | Husbandry |
| 26:20 | Queue | Villager (Male) |
| 26:33 | Queue | Knight |
| 26:50 | Queue | Knight |
| 27:26 | Queue | Villager (Male) |
| 27:26 | Queue | Villager (Male) |
| 27:41 | Queue | Knight |
| 27:41 | Queue | Knight |
Build order — [VA] Elfo_ricota
First 150 of 442 actions detected
| 0:02 | Queue | Villager (Male) |
| 0:02 | Queue | Villager (Male) |
| 0:02 | Queue | Villager (Male) |
| 0:02 | Queue | Villager (Male) |
| 0:03 | Queue | Villager (Male) |
| 0:04 | Build | House |
| 0:05 | Build | House |
| 1:31 | Queue | Villager (Male) |
| 1:31 | Queue | Villager (Male) |
| 1:58 | Build | Lumber Camp |
| 2:02 | Queue | Villager (Male) |
| 2:02 | Queue | Villager (Male) |
| 2:18 | Queue | Villager (Male) |
| 2:51 | Queue | Villager (Male) |
| 2:52 | Queue | Villager (Male) |
| 3:25 | Queue | Villager (Male) |
| 3:25 | Queue | Villager (Male) |
| 3:33 | Build | House |
| 3:52 | Queue | Villager (Male) |
| 3:52 | Queue | Villager (Male) |
| 4:06 | Queue | Villager (Male) |
| 4:06 | Queue | Villager (Male) |
| 4:17 | Build | Mill |
| 4:24 | Queue | Villager (Male) |
| 4:24 | Queue | Villager (Male) |
| 4:25 | Queue | Villager (Male) |
| 4:45 | Queue | Villager (Male) |
| 4:45 | Queue | Villager (Male) |
| 5:16 | Queue | Villager (Male) |
| 5:16 | Queue | Villager (Male) |
| 5:17 | Queue | Villager (Male) |
| 5:48 | Queue | Villager (Male) |
| 5:48 | Queue | Villager (Male) |
| 5:48 | Queue | Villager (Male) |
| 6:29 | Research | Loom |
| 6:32 | Build | House |
| 6:38 | Build | Palisade Wall |
| 6:43 | Build | Palisade Wall |
| 7:52 | Research | Feudal Age |
| 7:53 | Research | Feudal Age |
| 9:52 | Queue | Villager (Male) |
| 9:53 | Queue | Villager (Male) |
| 10:02 | Age | Feudal Age |
| 10:06 | Build | Stable |
| 10:08 | Research | Double-Bit Axe |
| 10:09 | Queue | Villager (Male) |
| 10:15 | Build | Stable |
| 10:26 | Build | House |
| 10:55 | Queue | Villager (Male) |
| 11:13 | Queue | Scout Cavalry ×5 |
| 11:20 | Queue | Villager (Male) |
| 11:26 | Build | House |
| 11:29 | Build | Palisade Wall |
| 11:41 | Build | Blacksmith |
| 11:46 | Build | House |
| 11:52 | Queue | Villager (Male) |
| 11:58 | Build | Farm |
| 12:01 | Build | Farm |
| 12:02 | Build | Farm |
| 12:07 | Queue | Villager (Male) |
| 12:19 | Queue | Scout Cavalry |
| 12:35 | Build | Palisade Gate |
| 12:43 | Queue | Villager (Male) |
| 12:50 | Queue | Scout Cavalry |
| 12:52 | Queue | Villager (Male) |
| 12:57 | Build | House |
| 13:00 | Build | Palisade Wall |
| 13:03 | Build | Palisade Wall |
| 13:04 | Build | Palisade Wall |
| 13:07 | Build | Palisade Wall |
| 13:11 | Queue | Villager (Male) |
| 13:15 | Research | Scale Barding Armor |
| 13:16 | Research | Scale Barding Armor |
| 13:42 | Build | Farm |
| 13:43 | Build | Farm |
| 13:44 | Build | Farm |
| 13:46 | Build | Farm |
| 13:48 | Build | Farm |
| 13:51 | Research | Horse Collar |
| 14:04 | Queue | Villager (Male) |
| 14:09 | Build | Farm |
| 14:12 | Queue | Villager (Male) |
| 14:32 | Queue | Scout Cavalry |
| 14:32 | Queue | Scout Cavalry |
| 14:42 | Queue | Villager (Male) |
| 14:45 | Build | Farm |
| 15:00 | Queue | Villager (Male) |
| 15:04 | Build | Farm |
| 15:18 | Research | Forging |
| 15:49 | Queue | Villager (Male) |
| 15:53 | Queue | Villager (Male) |
| 16:04 | Queue | Scout Cavalry ×2 |
| 16:10 | Build | House |
| 16:15 | Build | House |
| 16:24 | Queue | Villager (Male) |
| 16:33 | Build | Mill |
| 16:43 | Build | House |
| 16:48 | Queue | Villager (Male) |
| 16:54 | Build | House |
| 16:59 | Build | House |
| 17:10 | Queue | Scout Cavalry ×2 |
| 17:33 | Build | Farm |
| 17:34 | Build | Farm |
| 17:36 | Build | Farm |
| 17:44 | Queue | Villager (Male) |
| 17:44 | Queue | Villager (Male) |
| 17:44 | Queue | Villager (Male) |
| 18:15 | Build | Mining Camp |
| 18:25 | Build | Lumber Camp |
| 18:54 | Queue | Scout Cavalry |
| 18:54 | Queue | Scout Cavalry |
| 19:11 | Queue | Villager (Male) |
| 19:11 | Queue | Villager (Male) |
| 19:16 | Build | House |
| 19:20 | Build | Farm |
| 21:10 | Research | Castle Age |
| 21:10 | Research | Castle Age |
| 21:13 | Research | Gold Mining |
| 21:13 | Research | Gold Mining |
| 21:41 | Queue | Villager (Male) |
| 21:47 | Research | Bloodlines |
| 21:47 | Research | Bloodlines |
| 22:54 | Build | Stable |
| 23:50 | Age | Castle Age |
| 23:53 | Research | Chain Barding Armor |
| 23:57 | Queue | Knight ×3 |
| 24:16 | Build | Town Center |
| 24:23 | Build | House |
| 24:26 | Build | House |
| 24:51 | Queue | Knight |
| 24:52 | Queue | Knight |
| 25:08 | Queue | Villager (Male) |
| 25:08 | Queue | Villager (Male) |
| 25:32 | Queue | Villager (Male) |
| 25:32 | Queue | Villager (Male) |
| 25:58 | Build | Market |
| 26:03 | Build | Market |
| 26:09 | Queue | Villager (Male) |
| 26:10 | Queue | Villager (Male) |
| 26:10 | Queue | Villager (Male) |
| 26:10 | Queue | Villager (Male) |
| 26:10 | Queue | Villager (Male) |
| 26:11 | Queue | Villager (Male) |
| 26:19 | Queue | Villager (Male) ×5 |
| 26:30 | Build | Town Center |
| 26:35 | Build | Farm |
| 26:35 | Build | Farm |
| 26:36 | Build | Farm |
| 26:38 | Build | Farm |
| 26:38 | Build | Farm |
Build order — |MP| Juanete177
First 150 of 504 actions detected
| 0:01 | Queue | Villager (Male) |
| 0:02 | Queue | Villager (Male) |
| 0:03 | Build | House |
| 0:04 | Build | House |
| 0:12 | Queue | Villager (Male) |
| 0:13 | Queue | Villager (Male) |
| 0:30 | Queue | Villager (Male) |
| 0:31 | Queue | Villager (Male) |
| 1:23 | Queue | Villager (Male) |
| 1:48 | Build | Lumber Camp |
| 1:53 | Build | Lumber Camp |
| 2:10 | Queue | Villager (Male) |
| 2:11 | Queue | Villager (Male) |
| 2:35 | Queue | Villager (Male) |
| 2:55 | Queue | Villager (Male) |
| 3:18 | Build | House |
| 3:23 | Queue | Villager (Male) |
| 3:23 | Queue | Villager (Male) |
| 3:49 | Build | Mill |
| 3:56 | Queue | Villager (Male) |
| 4:23 | Queue | Villager (Male) |
| 4:23 | Queue | Villager (Male) |
| 4:40 | Queue | Villager (Male) |
| 4:40 | Queue | Villager (Male) |
| 5:16 | Queue | Villager (Male) |
| 5:37 | Queue | Villager (Male) |
| 6:05 | Research | Loom |
| 6:47 | Research | Feudal Age |
| 7:06 | Build | Lumber Camp |
| 7:16 | Queue | Villager (Male) |
| 7:38 | Build | House |
| 8:21 | Build | Barracks |
| 8:28 | Queue | Villager (Male) |
| 8:50 | Age | Feudal Age |
| 9:05 | Build | Stable |
| 9:09 | Research | Double-Bit Axe |
| 9:15 | Queue | Villager (Male) |
| 9:22 | Build | House |
| 9:39 | Build | House |
| 9:46 | Queue | Scout Cavalry |
| 9:47 | Queue | Scout Cavalry |
| 9:54 | Queue | Villager (Male) |
| 9:56 | Build | Farm |
| 10:05 | Build | House |
| 10:18 | Queue | Villager (Male) |
| 10:24 | Build | Palisade Wall |
| 10:28 | Build | Palisade Gate |
| 10:36 | Queue | Scout Cavalry |
| 10:37 | Queue | Villager (Male) |
| 11:03 | Build | Farm |
| 11:04 | Build | Farm |
| 11:05 | Queue | Villager (Male) |
| 11:09 | Research | Horse Collar |
| 11:14 | Queue | Scout Cavalry |
| 11:27 | Queue | Villager (Male) |
| 11:35 | Build | Farm |
| 11:38 | Build | House |
| 11:48 | Queue | Scout Cavalry |
| 11:55 | Queue | Villager (Male) |
| 12:01 | Build | Farm |
| 12:13 | Queue | Villager (Male) |
| 12:18 | Build | Farm |
| 12:24 | Queue | Scout Cavalry |
| 12:27 | Build | Farm |
| 12:29 | Queue | Villager (Male) |
| 12:52 | Queue | Villager (Male) |
| 12:58 | Build | Farm |
| 12:59 | Build | Farm |
| 13:06 | Queue | Scout Cavalry |
| 13:19 | Build | Farm |
| 13:22 | Build | House |
| 13:27 | Build | Farm |
| 13:33 | Queue | Villager (Male) |
| 13:36 | Build | Farm |
| 13:46 | Build | House |
| 13:49 | Queue | Villager (Male) |
| 13:52 | Build | Farm |
| 14:05 | Queue | Villager (Male) |
| 14:08 | Build | Farm |
| 14:21 | Queue | Scout Cavalry |
| 14:27 | Queue | Villager (Male) |
| 14:30 | Build | Mining Camp |
| 14:37 | Build | House |
| 14:43 | Queue | Villager (Male) |
| 14:46 | Build | Farm |
| 14:55 | Queue | Scout Cavalry |
| 15:11 | Queue | Villager (Male) |
| 15:11 | Queue | Villager (Male) |
| 15:21 | Queue | Scout Cavalry |
| 15:24 | Queue | Villager (Male) |
| 15:29 | Build | Blacksmith |
| 15:41 | Build | Farm |
| 16:16 | Research | Wheelbarrow |
| 16:23 | Build | House |
| 16:24 | Build | House |
| 16:26 | Queue | Scout Cavalry |
| 16:54 | Research | Scale Barding Armor |
| 17:40 | Queue | Villager (Male) |
| 17:48 | Build | House |
| 18:02 | Queue | Villager (Male) |
| 18:04 | Research | Forging |
| 18:29 | Queue | Villager (Male) |
| 18:36 | Build | Farm |
| 19:00 | Queue | Villager (Male) |
| 19:24 | Build | House |
| 19:36 | Research | Castle Age |
| 19:42 | Build | Palisade Wall |
| 19:49 | Build | Stable |
| 20:07 | Research | Bloodlines |
| 20:09 | Research | Gold Mining |
| 20:38 | Queue | Villager (Male) |
| 20:48 | Build | Palisade Wall |
| 21:00 | Build | Farm |
| 22:02 | Age | Castle Age |
| 22:04 | Queue | Knight |
| 22:05 | Queue | Knight |
| 22:05 | Queue | Knight |
| 22:07 | Research | Chain Barding Armor |
| 22:17 | Build | Town Center |
| 22:19 | Queue | Villager (Male) |
| 22:20 | Queue | Villager (Male) |
| 22:24 | Build | Town Center |
| 22:27 | Queue | Villager (Male) |
| 22:36 | Research | Bow Saw |
| 22:38 | Queue | Villager (Male) |
| 22:40 | Build | Farm |
| 22:56 | Queue | Knight |
| 22:57 | Queue | Knight |
| 22:57 | Queue | Knight |
| 22:58 | Queue | Villager (Male) |
| 23:01 | Queue | Villager (Male) |
| 23:01 | Queue | Villager (Male) |
| 23:15 | Queue | Villager (Male) |
| 23:27 | Queue | Villager (Male) |
| 23:31 | Build | House |
| 23:32 | Build | House |
| 23:35 | Queue | Villager (Male) |
| 23:35 | Queue | Villager (Male) |
| 23:37 | Queue | Villager (Male) |
| 23:37 | Queue | Villager (Male) |
| 23:51 | Queue | Villager (Male) |
| 23:52 | Queue | Villager (Male) |
| 24:08 | Queue | Villager (Male) |
| 24:17 | Queue | Villager (Male) |
| 24:24 | Build | Farm |
| 24:26 | Build | Farm |
| 24:31 | Research | Husbandry |
| 24:34 | Queue | Villager (Male) |
| 24:39 | Build | House |
| 24:40 | Build | House |
Build order — LeosMind
First 150 of 450 actions detected
| 0:01 | Queue | Villager (Male) |
| 0:03 | Build | House |
| 0:04 | Build | House |
| 0:13 | Queue | Villager (Male) |
| 0:13 | Queue | Villager (Male) |
| 0:19 | Queue | Villager (Male) |
| 0:19 | Queue | Villager (Male) |
| 1:33 | Queue | Villager (Male) |
| 1:34 | Queue | Villager (Male) |
| 1:55 | Build | Settlement |
| 1:55 | Queue | Villager (Male) |
| 1:56 | Queue | Villager (Male) |
| 2:19 | Queue | Villager (Male) |
| 2:54 | Queue | Villager (Male) |
| 3:23 | Queue | Villager (Male) |
| 3:52 | Queue | Villager (Male) |
| 3:52 | Queue | Villager (Male) |
| 4:17 | Queue | Villager (Male) |
| 4:25 | Build | Settlement |
| 4:46 | Queue | Villager (Male) |
| 4:46 | Queue | Villager (Male) |
| 4:55 | Queue | Villager (Male) |
| 5:38 | Queue | Villager (Male) |
| 6:03 | Queue | Villager (Male) |
| 6:26 | Queue | Villager (Male) |
| 6:52 | Queue | Villager (Male) |
| 7:02 | Build | Barracks |
| 7:05 | Build | House |
| 7:20 | Queue | Villager (Male) |
| 7:42 | Queue | Villager (Male) |
| 8:08 | Build | Settlement |
| 8:16 | Queue | Villager (Male) |
| 8:45 | Research | Loom |
| 9:11 | Research | Feudal Age |
| 9:19 | Build | Palisade Gate |
| 9:20 | Build | Palisade Wall |
| 9:28 | Build | Palisade Wall |
| 9:39 | Build | Palisade Wall |
| 9:46 | Build | House |
| 9:58 | Queue | Unit 2550 |
| 10:07 | Build | House |
| 10:11 | Build | House |
| 10:18 | Build | Barracks |
| 10:35 | Build | House |
| 10:44 | Queue | Unit 2550 |
| 11:07 | Build | Palisade Wall |
| 11:19 | Queue | Unit 2550 |
| 11:21 | Age | Feudal Age |
| 11:26 | Research | Tech 1402 |
| 11:28 | Queue | Unit 2550 |
| 11:29 | Queue | Villager (Male) |
| 11:41 | Queue | Unit 2550 |
| 11:41 | Queue | Unit 2550 |
| 11:52 | Build | Blacksmith |
| 11:57 | Queue | Villager (Male) |
| 11:59 | Queue | Villager (Male) |
| 12:10 | Queue | Unit 2550 |
| 12:25 | Queue | Unit 2550 |
| 12:28 | Queue | Spearman |
| 12:45 | Queue | Villager (Male) |
| 12:58 | Queue | Unit 2550 |
| 12:58 | Queue | Unit 2550 |
| 13:10 | Queue | Villager (Male) |
| 13:20 | Queue | Unit 2550 |
| 13:44 | Research | Scale Mail Armor |
| 13:48 | Queue | Villager (Male) |
| 13:54 | Build | Farm |
| 13:56 | Build | Farm |
| 13:56 | Build | Farm |
| 14:03 | Queue | Unit 2550 |
| 14:12 | Build | Farm |
| 14:13 | Queue | Villager (Male) |
| 14:16 | Build | Farm |
| 14:18 | Build | Farm |
| 14:29 | Queue | Unit 2550 |
| 14:30 | Queue | Unit 2550 |
| 14:58 | Queue | Unit 2550 |
| 14:59 | Queue | Unit 2550 |
| 14:59 | Queue | Villager (Male) |
| 15:18 | Research | Forging |
| 15:22 | Queue | Spearman |
| 15:32 | Queue | Villager (Male) |
| 15:39 | Build | House |
| 15:40 | Build | House |
| 16:08 | Research | Double-Bit Axe |
| 16:09 | Queue | Villager (Male) |
| 16:09 | Queue | Villager (Male) |
| 16:10 | Queue | Villager (Male) |
| 16:32 | Research | Arson |
| 16:38 | Build | House |
| 16:39 | Build | House |
| 16:41 | Build | Palisade Wall |
| 16:46 | Build | Palisade Gate |
| 16:49 | Build | Palisade Wall |
| 16:50 | Queue | Villager (Male) |
| 16:57 | Build | Palisade Wall |
| 16:58 | Build | Palisade Wall |
| 17:16 | Queue | Villager (Male) |
| 17:23 | Queue | Spearman |
| 17:24 | Queue | Villager (Male) |
| 17:44 | Queue | Villager (Male) |
| 17:56 | Build | Farm |
| 17:56 | Build | Farm |
| 17:56 | Build | Farm |
| 17:56 | Build | Farm |
| 18:00 | Queue | Unit 2550 |
| 18:01 | Queue | Unit 2550 |
| 18:16 | Build | Farm |
| 18:36 | Queue | Unit 2550 |
| 18:36 | Queue | Unit 2550 |
| 18:51 | Queue | Unit 2550 |
| 18:52 | Queue | Villager (Male) |
| 18:56 | Build | Farm |
| 19:01 | Queue | Villager (Male) |
| 19:20 | Queue | Villager (Male) |
| 19:44 | Queue | Villager (Male) |
| 19:56 | Build | Settlement |
| 20:05 | Queue | Unit 2550 |
| 20:05 | Queue | Unit 2550 |
| 20:06 | Queue | Unit 2550 |
| 20:38 | Queue | Unit 2550 |
| 20:39 | Queue | Unit 2550 |
| 20:39 | Queue | Unit 2550 |
| 21:00 | Queue | Unit 2550 |
| 21:01 | Queue | Villager (Male) |
| 21:01 | Queue | Villager (Male) |
| 21:26 | Queue | Spearman |
| 21:27 | Queue | Spearman |
| 21:27 | Queue | Villager (Male) |
| 21:30 | Build | Farm |
| 21:37 | Queue | Villager (Male) |
| 21:39 | Build | Farm |
| 21:41 | Build | Farm |
| 22:07 | Research | Wheelbarrow |
| 22:17 | Build | House |
| 22:19 | Build | House |
| 22:20 | Build | House |
| 22:26 | Build | Farm |
| 23:04 | Build | Archery Range |
| 23:09 | Queue | Villager (Male) |
| 23:10 | Build | Market |
| 23:25 | Build | Palisade Wall |
| 23:51 | Research | Castle Age |
| 23:52 | Research | Castle Age |
| 24:21 | Build | Archery Range |
| 24:22 | Research | Fletching |
| 24:45 | Build | Settlement |
| 24:46 | Queue | Villager (Male) |
| 25:15 | Build | House |
| 25:18 | Build | Palisade Wall |
Build order — ajja13849
First 150 of 550 actions detected
| 0:03 | Queue | Villager (Male) |
| 0:06 | Build | House |
| 0:08 | Build | House |
| 1:02 | Queue | Villager (Male) |
| 1:04 | Queue | Villager (Male) |
| 1:22 | Queue | Villager (Male) |
| 1:50 | Queue | Villager (Male) |
| 2:16 | Build | Lumber Camp |
| 2:38 | Queue | Villager (Male) |
| 2:39 | Queue | Villager (Male) |
| 2:39 | Queue | Villager (Male) |
| 2:48 | Queue | Villager (Male) |
| 3:17 | Queue | Villager (Male) |
| 3:38 | Queue | Villager (Male) |
| 3:50 | Queue | Villager (Male) |
| 4:38 | Queue | Villager (Male) |
| 5:02 | Build | House |
| 5:06 | Queue | Villager (Male) |
| 5:21 | Build | Mill |
| 5:53 | Queue | Villager (Male) |
| 6:28 | Queue | Villager (Male) |
| 6:51 | Queue | Villager (Male) |
| 6:57 | Build | House |
| 7:16 | Queue | Villager (Male) |
| 7:23 | Build | Palisade Wall |
| 7:27 | Build | Lumber Camp |
| 7:34 | Queue | Villager (Male) |
| 7:35 | Research | Loom |
| 7:42 | Build | House |
| 7:44 | Build | Palisade Wall |
| 8:15 | Build | Mining Camp |
| 8:24 | Research | Feudal Age |
| 8:54 | Build | Barracks |
| 10:07 | Queue | Villager (Male) |
| 10:46 | Age | Feudal Age |
| 10:50 | Build | Archery Range |
| 10:53 | Research | Double-Bit Axe |
| 11:03 | Queue | Villager (Male) |
| 11:18 | Research | Gold Mining |
| 11:21 | Build | Archery Range |
| 11:40 | Queue | Archer |
| 11:41 | Queue | Villager (Male) |
| 11:56 | Build | Blacksmith |
| 12:00 | Build | Palisade Wall |
| 12:07 | Queue | Archer |
| 12:09 | Queue | Villager (Male) |
| 12:33 | Queue | Archer |
| 12:41 | Build | House |
| 12:44 | Build | House |
| 12:51 | Queue | Villager (Male) |
| 12:57 | Queue | Villager (Male) |
| 13:14 | Queue | Archer |
| 13:14 | Queue | Archer |
| 13:24 | Build | Mill |
| 13:34 | Research | Fletching |
| 13:36 | Queue | Archer |
| 13:36 | Queue | Archer |
| 13:38 | Queue | Villager (Male) |
| 13:45 | Queue | Villager (Male) |
| 14:02 | Queue | Archer |
| 14:03 | Queue | Archer |
| 14:08 | Build | Farm |
| 14:10 | Build | Farm |
| 14:11 | Queue | Villager (Male) |
| 14:11 | Queue | Villager (Male) |
| 14:17 | Queue | Archer |
| 14:18 | Queue | Archer |
| 14:25 | Queue | Archer |
| 14:25 | Queue | Archer |
| 14:41 | Queue | Archer |
| 14:41 | Queue | Archer |
| 14:44 | Queue | Villager (Male) |
| 14:46 | Build | Farm |
| 14:49 | Research | Padded Archer Armor |
| 14:56 | Build | House |
| 14:58 | Build | House |
| 15:21 | Queue | Archer |
| 15:21 | Queue | Archer |
| 15:44 | Queue | Villager (Male) |
| 15:47 | Build | Farm |
| 15:49 | Queue | Villager (Male) |
| 15:52 | Build | House |
| 15:55 | Build | House |
| 16:31 | Queue | Archer |
| 16:31 | Queue | Archer |
| 16:41 | Queue | Villager (Male) |
| 16:43 | Build | Farm |
| 16:44 | Build | Farm |
| 16:45 | Queue | Villager (Male) |
| 16:48 | Build | Farm |
| 16:55 | Queue | Archer |
| 16:55 | Queue | Archer |
| 17:06 | Queue | Archer |
| 17:06 | Queue | Archer |
| 17:21 | Build | Farm |
| 17:22 | Queue | Villager (Male) |
| 18:32 | Queue | Villager (Male) |
| 18:32 | Queue | Villager (Male) |
| 18:34 | Build | Farm |
| 18:35 | Build | Farm |
| 18:40 | Build | Farm |
| 18:41 | Queue | Villager (Male) |
| 18:54 | Queue | Archer |
| 18:54 | Queue | Archer |
| 19:49 | Queue | Villager (Male) |
| 19:52 | Build | Farm |
| 19:53 | Build | Farm |
| 19:55 | Build | Farm |
| 19:56 | Queue | Villager (Male) |
| 19:57 | Queue | Archer |
| 19:57 | Queue | Archer |
| 20:08 | Build | Lumber Camp |
| 20:11 | Research | Castle Age |
| 20:20 | Build | Farm |
| 20:21 | Queue | Archer |
| 20:21 | Queue | Archer |
| 20:32 | Build | Archery Range |
| 20:47 | Queue | Archer |
| 20:47 | Queue | Archer |
| 21:05 | Queue | Archer |
| 21:05 | Queue | Archer |
| 21:17 | Build | Mining Camp |
| 21:27 | Queue | Archer |
| 21:31 | Build | House |
| 21:32 | Build | House |
| 21:33 | Build | House |
| 21:37 | Build | House |
| 21:39 | Build | House |
| 21:39 | Build | House |
| 21:40 | Build | House |
| 21:48 | Queue | Archer |
| 22:38 | Queue | Archer |
| 22:38 | Queue | Archer |
| 22:39 | Queue | Archer |
| 22:49 | Queue | Archer |
| 22:49 | Queue | Archer |
| 22:54 | Age | Castle Age |
| 22:58 | Research | Crossbowman (upgrade) |
| 23:00 | Research | Bodkin Arrow |
| 23:06 | Build | Town Center |
| 23:07 | Queue | Villager (Male) |
| 23:07 | Queue | Villager (Male) |
| 23:15 | Queue | Archer |
| 23:15 | Queue | Archer |
| 23:23 | Queue | Archer |
| 23:24 | Queue | Archer |
| 23:34 | Queue | Villager (Male) |
| 23:50 | Queue | Archer |
| 23:57 | Build | Farm |
| 24:13 | Queue | Villager (Male) |
Build order — Anoobis
First 150 of 302 actions detected
| 0:02 | Queue | Villager (Male) |
| 0:03 | Build | House |
| 0:05 | Build | House |
| 0:16 | Queue | Villager (Male) ×3 |
| 0:16 | Queue | Villager (Male) ×3 |
| 1:34 | Queue | Villager (Male) |
| 2:17 | Build | Lumber Camp |
| 2:18 | Queue | Villager (Male) |
| 2:19 | Queue | Villager (Male) |
| 2:19 | Queue | Villager (Male) |
| 2:46 | Queue | Villager (Male) |
| 2:57 | Queue | Villager (Male) |
| 2:57 | Queue | Villager (Male) |
| 4:03 | Build | House |
| 4:08 | Queue | Villager (Male) |
| 4:08 | Queue | Villager (Male) |
| 4:08 | Queue | Villager (Male) |
| 4:29 | Queue | Villager (Male) |
| 4:30 | Queue | Villager (Male) |
| 4:53 | Build | Mill |
| 5:24 | Queue | Villager (Male) |
| 5:24 | Queue | Villager (Male) |
| 5:25 | Queue | Villager (Male) |
| 5:25 | Queue | Villager (Male) |
| 5:25 | Queue | Villager (Male) |
| 6:30 | Build | House |
| 6:39 | Build | House |
| 6:42 | Build | House |
| 6:46 | Queue | Villager (Male) |
| 7:33 | Queue | Villager (Male) |
| 7:57 | Queue | Villager (Male) |
| 8:09 | Build | House |
| 8:19 | Queue | Villager (Male) |
| 8:46 | Research | Feudal Age |
| 8:49 | Build | Barracks |
| 9:17 | Build | Palisade Wall |
| 10:22 | Build | Mining Camp |
| 10:33 | Research | Loom |
| 10:33 | Queue | Villager (Male) |
| 10:58 | Age | Feudal Age |
| 11:00 | Build | Archery Range |
| 11:18 | Queue | Villager (Male) |
| 11:55 | Queue | Spearman |
| 12:08 | Build | Blacksmith |
| 12:11 | Build | House |
| 12:16 | Queue | Villager (Male) |
| 12:17 | Queue | Villager (Male) |
| 12:26 | Research | Double-Bit Axe |
| 12:26 | Research | Double-Bit Axe |
| 12:27 | Queue | Archer |
| 12:27 | Queue | Archer |
| 12:49 | Research | Fletching |
| 12:49 | Research | Fletching |
| 13:04 | Queue | Archer |
| 13:16 | Research | Fletching |
| 13:18 | Queue | Archer |
| 13:23 | Queue | Spearman |
| 13:28 | Queue | Villager (Male) |
| 13:57 | Build | Archery Range |
| 14:08 | Queue | Villager (Male) |
| 14:12 | Build | Farm |
| 14:22 | Queue | Archer |
| 14:23 | Queue | Archer |
| 14:36 | Build | Palisade Wall |
| 14:47 | Queue | Villager (Male) |
| 14:50 | Build | Farm |
| 14:52 | Build | Farm |
| 14:58 | Build | Lumber Camp |
| 15:17 | Queue | Archer |
| 15:17 | Queue | Archer |
| 15:31 | Build | Watch Tower |
| 15:52 | Queue | Archer |
| 15:52 | Queue | Archer |
| 15:59 | Queue | Spearman |
| 15:59 | Queue | Spearman |
| 16:42 | Build | House |
| 16:48 | Queue | Villager (Male) |
| 16:48 | Queue | Villager (Male) |
| 17:09 | Build | Palisade Wall |
| 17:16 | Build | Mining Camp |
| 17:21 | Build | House |
| 17:39 | Queue | Archer |
| 17:40 | Queue | Archer |
| 17:56 | Build | Lumber Camp |
| 18:05 | Queue | Archer |
| 18:06 | Queue | Archer |
| 18:29 | Queue | Archer |
| 18:30 | Queue | Archer |
| 18:32 | Queue | Villager (Male) |
| 18:33 | Queue | Villager (Male) |
| 18:33 | Queue | Villager (Male) |
| 18:55 | Queue | Villager (Male) |
| 18:57 | Queue | Archer |
| 18:59 | Build | Archery Range |
| 19:33 | Queue | Archer |
| 19:34 | Queue | Archer |
| 19:48 | Queue | Archer |
| 19:49 | Queue | Archer |
| 20:00 | Queue | Archer |
| 20:00 | Queue | Archer |
| 20:02 | Build | Farm |
| 20:02 | Build | Farm |
| 20:02 | Build | Farm |
| 20:03 | Build | Farm |
| 20:16 | Queue | Archer |
| 20:16 | Queue | Archer |
| 20:17 | Queue | Archer |
| 20:28 | Queue | Villager (Male) |
| 20:29 | Queue | Villager (Male) |
| 21:06 | Queue | Archer |
| 21:15 | Build | Farm |
| 21:21 | Build | Farm |
| 21:28 | Build | House |
| 21:30 | Build | House |
| 22:40 | Queue | Archer |
| 22:40 | Queue | Archer |
| 22:46 | Research | Castle Age |
| 22:47 | Research | Castle Age |
| 22:49 | Queue | Archer ×5 |
| 23:37 | Queue | Archer |
| 23:37 | Queue | Archer |
| 23:41 | Queue | Spearman |
| 23:41 | Queue | Spearman |
| 23:42 | Research | Padded Archer Armor |
| 23:43 | Research | Padded Archer Armor |
| 23:48 | Build | Market |
| 23:52 | Build | Farm |
| 23:53 | Build | Farm |
| 24:03 | Queue | Archer |
| 24:03 | Queue | Archer |
| 24:04 | Queue | Archer |
| 25:03 | Build | Archery Range |
| 25:10 | Queue | Archer |
| 25:11 | Queue | Archer |
| 25:17 | Queue | Archer |
| 25:26 | Age | Castle Age |
| 25:27 | Research | Bodkin Arrow |
| 25:27 | Research | Bodkin Arrow |
| 25:29 | Research | Crossbowman (upgrade) |
| 25:30 | Research | Crossbowman (upgrade) |
| 25:35 | Queue | Villager (Male) |
| 25:37 | Queue | Villager (Male) |
| 25:50 | Research | Bow Saw |
| 25:50 | Research | Bow Saw |
| 25:58 | Build | Mining Camp |
| 26:19 | Queue | Archer |
| 26:20 | Queue | Archer |
| 26:20 | Queue | Archer |
| 26:29 | Queue | Villager (Male) |
| 26:29 | Queue | Villager (Male) |
Build order — bruce6633
First 150 of 465 actions detected
| 0:04 | Queue | Villager (Male) |
| 0:05 | Queue | Villager (Male) |
| 0:05 | Queue | Villager (Male) |
| 0:05 | Queue | Villager (Male) |
| 0:07 | Build | House |
| 0:09 | Build | House |
| 1:35 | Queue | Villager (Male) |
| 2:14 | Queue | Villager (Male) |
| 2:14 | Queue | Villager (Male) |
| 2:19 | Queue | Villager (Male) |
| 2:52 | Queue | Villager (Male) |
| 3:08 | Build | House |
| 3:30 | Build | Lumber Camp |
| 3:31 | Queue | Villager (Male) |
| 3:52 | Queue | Villager (Male) |
| 3:54 | Queue | Villager (Male) |
| 3:56 | Queue | Villager (Male) |
| 4:14 | Queue | Villager (Male) |
| 4:39 | Queue | Villager (Male) |
| 5:20 | Queue | Villager (Male) |
| 6:01 | Queue | Villager (Male) |
| 6:04 | Build | Mill |
| 6:33 | Research | Feudal Age |
| 7:53 | Build | House |
| 7:56 | Build | Palisade Wall |
| 8:21 | Build | Barracks |
| 8:24 | Build | Palisade Wall |
| 8:38 | Queue | Villager (Male) |
| 8:58 | Build | House |
| 9:01 | Age | Feudal Age |
| 9:11 | Research | Double-Bit Axe |
| 9:20 | Build | Stable |
| 9:25 | Build | House |
| 9:28 | Build | Palisade Wall |
| 9:29 | Queue | Villager (Male) |
| 9:47 | Queue | Villager (Male) |
| 9:53 | Research | Horse Collar |
| 10:01 | Queue | Scout Cavalry |
| 10:03 | Queue | Scout Cavalry |
| 10:07 | Build | Palisade Wall |
| 10:10 | Build | Palisade Wall |
| 10:27 | Queue | Villager (Male) |
| 10:31 | Queue | Scout Cavalry |
| 10:34 | Queue | Villager (Male) |
| 10:37 | Build | Farm |
| 10:40 | Build | Farm |
| 10:53 | Queue | Villager (Male) |
| 10:56 | Build | Farm |
| 11:01 | Build | Farm |
| 11:09 | Queue | Villager (Male) |
| 11:30 | Queue | Villager (Male) |
| 11:51 | Queue | Villager (Male) |
| 11:52 | Build | Farm |
| 11:55 | Build | Farm |
| 12:20 | Queue | Villager (Male) |
| 12:22 | Build | Farm |
| 12:54 | Queue | Villager (Male) |
| 13:00 | Build | Farm |
| 13:01 | Build | Farm |
| 13:01 | Build | Farm |
| 13:01 | Build | Farm |
| 13:26 | Build | House |
| 13:27 | Build | House |
| 13:49 | Build | Mill |
| 13:51 | Queue | Villager (Male) |
| 13:55 | Research | Loom |
| 14:12 | Queue | Villager (Male) |
| 14:19 | Build | House |
| 14:49 | Queue | Villager (Male) |
| 15:01 | Build | Market |
| 15:24 | Research | Wheelbarrow |
| 15:32 | Build | Palisade Wall |
| 16:17 | Research | Castle Age |
| 16:43 | Build | Blacksmith |
| 16:54 | Build | Mining Camp |
| 17:36 | Build | Stable |
| 17:50 | Build | Farm |
| 17:52 | Build | Farm |
| 18:14 | Research | Forging |
| 18:26 | Research | Bloodlines |
| 18:53 | Build | Farm |
| 18:54 | Build | Farm |
| 18:54 | Build | Farm |
| 18:54 | Build | Farm |
| 18:54 | Build | Farm |
| 19:20 | Queue | Villager (Male) |
| 19:27 | Age | Castle Age |
| 19:27 | Queue | Steppe Lancer |
| 19:28 | Queue | Steppe Lancer |
| 19:41 | Research | Iron Casting |
| 19:46 | Build | House |
| 19:47 | Build | House |
| 19:49 | Queue | Villager (Male) |
| 19:57 | Queue | Steppe Lancer |
| 19:58 | Queue | Steppe Lancer |
| 20:02 | Research | Bow Saw |
| 20:02 | Research | Bow Saw |
| 20:06 | Queue | Villager (Male) |
| 20:23 | Queue | Steppe Lancer |
| 20:23 | Queue | Steppe Lancer |
| 20:24 | Queue | Villager (Male) |
| 20:24 | Queue | Villager (Male) |
| 20:45 | Queue | Villager (Male) |
| 21:31 | Queue | Steppe Lancer |
| 21:31 | Queue | Steppe Lancer |
| 21:31 | Queue | Villager (Male) |
| 21:32 | Queue | Villager (Male) |
| 21:47 | Queue | Villager (Male) |
| 21:59 | Queue | Villager (Male) |
| 22:34 | Queue | Villager (Male) |
| 22:36 | Research | Hand Cart |
| 22:44 | Build | House |
| 22:45 | Build | House |
| 22:54 | Build | Town Center |
| 23:10 | Queue | Villager (Male) |
| 23:17 | Research | Scale Barding Armor |
| 23:24 | Research | Heavy Plow |
| 24:02 | Queue | Villager (Male) |
| 24:11 | Queue | Villager (Male) |
| 24:12 | Queue | Villager (Male) |
| 25:05 | Queue | Villager (Male) |
| 25:05 | Queue | Villager (Male) |
| 25:10 | Queue | Villager (Male) |
| 25:14 | Queue | Villager (Male) |
| 25:18 | Build | Town Center |
| 25:45 | Queue | Villager (Male) |
| 25:46 | Queue | Villager (Male) |
| 25:46 | Queue | Villager (Male) |
| 26:07 | Queue | Villager (Male) |
| 26:08 | Queue | Villager (Male) |
| 26:10 | Queue | Villager (Male) |
| 26:16 | Research | Stone Mining |
| 26:19 | Queue | Villager (Male) |
| 26:20 | Queue | Villager (Male) |
| 26:26 | Queue | Villager (Male) |
| 26:28 | Queue | Villager (Male) |
| 27:23 | Queue | Villager (Male) |
| 27:24 | Queue | Villager (Male) |
| 27:24 | Queue | Villager (Male) |
| 27:25 | Queue | Villager (Male) |
| 27:28 | Build | Farm |
| 27:28 | Build | Farm |
| 27:29 | Build | Farm |
| 27:29 | Build | Farm |
| 27:29 | Build | Farm |
| 27:38 | Build | Farm |
| 27:43 | Build | House |
| 27:46 | Build | House |
| 27:46 | Build | House |
| 27:47 | Build | House |
Build order — ofespinelman
First 150 of 263 actions detected
| 0:04 | Queue | Villager (Male) |
| 0:04 | Queue | Villager (Male) |
| 0:04 | Queue | Villager (Male) |
| 0:05 | Queue | Villager (Male) |
| 0:06 | Build | House |
| 0:10 | Build | House |
| 0:13 | Queue | Villager (Male) |
| 0:13 | Queue | Villager (Male) |
| 1:47 | Queue | Villager (Male) |
| 1:48 | Queue | Villager (Male) |
| 1:52 | Build | Lumber Camp |
| 2:06 | Queue | Villager (Male) |
| 2:21 | Queue | Villager (Male) |
| 2:21 | Queue | Villager (Male) |
| 3:01 | Queue | Villager (Male) |
| 3:02 | Queue | Villager (Male) |
| 3:10 | Queue | Villager (Male) |
| 3:10 | Queue | Villager (Male) |
| 3:57 | Build | House |
| 4:04 | Queue | Villager (Male) |
| 4:04 | Queue | Villager (Male) |
| 4:11 | Queue | Villager (Male) |
| 4:11 | Queue | Villager (Male) |
| 4:19 | Build | Palisade Wall |
| 4:31 | Queue | Villager (Male) |
| 4:32 | Queue | Villager (Male) |
| 4:58 | Queue | Villager (Male) |
| 4:58 | Queue | Villager (Male) |
| 5:09 | Build | Mill |
| 5:33 | Queue | Villager (Male) |
| 5:33 | Queue | Villager (Male) |
| 5:46 | Build | House |
| 5:52 | Queue | Villager (Male) |
| 5:52 | Queue | Villager (Male) |
| 5:52 | Queue | Villager (Male) |
| 6:20 | Build | Barracks |
| 6:37 | Queue | Villager (Male) |
| 6:38 | Research | Loom |
| 7:45 | Research | Feudal Age |
| 9:49 | Age | Feudal Age |
| 9:54 | Build | Stable |
| 9:56 | Queue | Villager (Male) |
| 9:57 | Queue | Villager (Male) |
| 10:04 | Queue | Villager (Male) |
| 10:18 | Build | House |
| 10:28 | Queue | Villager (Male) |
| 10:38 | Build | Blacksmith |
| 10:39 | Queue | Scout Cavalry |
| 10:39 | Queue | Scout Cavalry |
| 10:45 | Queue | Villager (Male) |
| 10:48 | Build | House |
| 10:57 | Build | Palisade Wall |
| 10:59 | Build | Palisade Wall |
| 11:06 | Queue | Scout Cavalry |
| 11:14 | Build | House |
| 11:19 | Build | Palisade Wall |
| 11:23 | Build | Palisade Wall |
| 11:27 | Queue | Scout Cavalry |
| 11:33 | Queue | Villager (Male) |
| 11:45 | Build | Palisade Gate |
| 11:48 | Queue | Militia |
| 11:53 | Queue | Scout Cavalry |
| 11:55 | Queue | Villager (Male) |
| 12:02 | Build | Farm |
| 12:26 | Research | Forging |
| 12:38 | Queue | Scout Cavalry |
| 12:39 | Queue | Scout Cavalry |
| 13:01 | Build | Mill |
| 13:01 | Queue | Villager (Male) |
| 13:01 | Queue | Villager (Male) |
| 13:07 | Build | Lumber Camp |
| 13:19 | Queue | Villager (Male) |
| 13:19 | Queue | Villager (Male) |
| 13:53 | Queue | Villager (Male) |
| 13:53 | Queue | Villager (Male) |
| 14:02 | Queue | Villager (Male) |
| 14:02 | Queue | Villager (Male) |
| 14:07 | Build | House |
| 14:08 | Build | House |
| 14:17 | Build | Palisade Wall |
| 14:29 | Research | Scale Barding Armor |
| 14:49 | Build | Farm |
| 14:50 | Build | Farm |
| 14:50 | Build | Farm |
| 14:50 | Build | Farm |
| 14:50 | Build | Farm |
| 14:51 | Build | Farm |
| 14:52 | Queue | Villager (Male) |
| 14:52 | Queue | Villager (Male) |
| 15:18 | Queue | Villager (Male) |
| 15:19 | Queue | Villager (Male) |
| 15:19 | Queue | Villager (Male) |
| 15:24 | Queue | Villager (Male) |
| 15:24 | Queue | Villager (Male) |
| 15:33 | Build | Farm |
| 15:33 | Build | Farm |
| 15:34 | Build | Farm |
| 15:39 | Queue | Villager (Male) |
| 15:39 | Queue | Villager (Male) |
| 15:39 | Queue | Villager (Male) |
| 16:04 | Queue | Villager (Male) |
| 16:04 | Queue | Villager (Male) |
| 16:05 | Queue | Villager (Male) |
| 16:05 | Queue | Villager (Male) |
| 16:25 | Queue | Scout Cavalry |
| 16:26 | Queue | Scout Cavalry |
| 16:26 | Queue | Scout Cavalry |
| 16:34 | Build | House |
| 16:40 | Build | House |
| 16:45 | Queue | Villager (Male) |
| 16:45 | Queue | Villager (Male) |
| 16:49 | Build | House |
| 16:56 | Queue | Scout Cavalry |
| 17:05 | Build | House |
| 17:14 | Queue | Scout Cavalry |
| 17:14 | Queue | Scout Cavalry |
| 17:22 | Build | Farm |
| 17:22 | Build | Farm |
| 17:22 | Build | Farm |
| 17:22 | Build | Farm |
| 17:23 | Build | Farm |
| 17:23 | Build | Farm |
| 17:34 | Queue | Scout Cavalry |
| 17:34 | Queue | Scout Cavalry |
| 17:37 | Queue | Villager (Male) |
| 17:37 | Queue | Villager (Male) |
| 18:14 | Queue | Scout Cavalry |
| 18:14 | Queue | Scout Cavalry |
| 18:15 | Queue | Scout Cavalry |
| 18:15 | Queue | Scout Cavalry |
| 18:40 | Queue | Scout Cavalry |
| 18:40 | Queue | Scout Cavalry |
| 19:09 | Build | Stable |
| 19:24 | Build | Watch Tower |
| 19:53 | Build | House |
| 21:21 | Queue | Villager (Male) |
| 21:21 | Queue | Villager (Male) |
| 21:21 | Queue | Villager (Male) |
| 21:22 | Queue | Villager (Male) |
| 21:38 | Queue | Scout Cavalry |
| 21:38 | Queue | Scout Cavalry |
| 21:39 | Queue | Scout Cavalry |
| 21:39 | Queue | Scout Cavalry |
| 21:39 | Queue | Scout Cavalry |
| 21:39 | Queue | Scout Cavalry |
| 21:57 | Build | Farm |
| 23:09 | Queue | Villager (Male) |
| 23:31 | Queue | Villager (Male) |
| 23:31 | Queue | Villager (Male) |
| 23:40 | Queue | Villager (Male) |
Match timeline
| 4:19 | ofespinelman · wall_segment Palisade Wall x8 |
| 6:20 | ofespinelman · first_building Barracks |
| 6:38 | [VA] Elfo_ricota · wall_segment Palisade Wall x9 |
| 6:43 | [VA] Elfo_ricota · wall_segment Palisade Wall x5 |
| 6:56 | Mashan · first_building Barracks |
| 7:02 | LeosMind · first_building Barracks |
| 7:23 | ajja13849 · wall_segment Palisade Wall x1 |
| 7:44 | ajja13849 · wall_segment Palisade Wall x1 |
| 7:56 | bruce6633 · wall_segment Palisade Wall x1 |
| 8:21 | |MP| Juanete177 · first_building Barracks |
| 8:21 | bruce6633 · first_building Barracks |
| 8:24 | bruce6633 · wall_segment Palisade Wall x1 |
| 8:49 | Anoobis · first_building Barracks |
| 8:50 | |MP| Juanete177 · age_up feudal |
| 8:54 | ajja13849 · first_building Barracks |
| 9:01 | bruce6633 · age_up feudal |
| 9:05 | |MP| Juanete177 · first_building Stable |
| 9:17 | Anoobis · wall_segment Palisade Wall x4 |
| 9:20 | LeosMind · wall_segment Palisade Wall x8 |
| 9:20 | bruce6633 · first_building Stable |
| 9:28 | LeosMind · wall_segment Palisade Wall x1 |
| 9:28 | bruce6633 · wall_segment Palisade Wall x1 |
| 9:39 | LeosMind · wall_segment Palisade Wall x7 |
| 9:49 | ofespinelman · age_up feudal |
| 9:54 | ofespinelman · first_building Stable |
| 10:02 | [VA] Elfo_ricota · age_up feudal |
| 10:06 | [VA] Elfo_ricota · first_building Stable |
| 10:07 | bruce6633 · wall_segment Palisade Wall x1 |
| 10:07 | Mashan · age_up feudal |
| 10:10 | bruce6633 · wall_segment Palisade Wall x3 |
| 10:21 | Mashan · first_building Stable |
| 10:24 | |MP| Juanete177 · wall_segment Palisade Wall x8 |
| 10:46 | ajja13849 · age_up feudal |
| 10:50 | ajja13849 · first_building Archery Range |
| 10:57 | ofespinelman · wall_segment Palisade Wall x17 |
| 10:58 | Anoobis · age_up feudal |
| 10:59 | ofespinelman · wall_segment Palisade Wall x9 |
| 11:00 | Anoobis · first_building Archery Range |
| 11:07 | LeosMind · wall_segment Palisade Wall x9 |
| 11:19 | ofespinelman · wall_segment Palisade Wall x5 |
| 11:21 | LeosMind · age_up feudal |
| 11:23 | ofespinelman · wall_segment Palisade Wall x7 |
| 11:29 | [VA] Elfo_ricota · wall_segment Palisade Wall x7 |
| 12:00 | ajja13849 · wall_segment Palisade Wall x2 |
| 13:00 | [VA] Elfo_ricota · wall_segment Palisade Wall x8 |
| 13:03 | [VA] Elfo_ricota · wall_segment Palisade Wall x3 |
| 13:04 | [VA] Elfo_ricota · wall_segment Palisade Wall x1 |
| 13:07 | [VA] Elfo_ricota · wall_segment Palisade Wall x2 |
| 14:17 | ofespinelman · wall_segment Palisade Wall x1 |
| 14:36 | Anoobis · wall_segment Palisade Wall x1 |
| 15:32 | bruce6633 · wall_segment Palisade Wall x10 |
| 16:10 | bruce6633 · first_market_sell 100 wood |
| 16:41 | LeosMind · wall_segment Palisade Wall x12 |
| 16:49 | LeosMind · wall_segment Palisade Wall x11 |
| 16:57 | LeosMind · wall_segment Palisade Wall x1 |
| 16:58 | LeosMind · wall_segment Palisade Wall x1 |
| 17:09 | Anoobis · wall_segment Palisade Wall x7 |
| 19:27 | bruce6633 · age_up castle |
| 19:42 | |MP| Juanete177 · wall_segment Palisade Wall x6 |
| 20:48 | |MP| Juanete177 · wall_segment Palisade Wall x14 |
| 22:02 | |MP| Juanete177 · age_up castle |
| 22:54 | ajja13849 · age_up castle |
| 23:04 | LeosMind · first_building Archery Range |
| 23:25 | LeosMind · wall_segment Palisade Wall x13 |
| 23:50 | [VA] Elfo_ricota · age_up castle |
| 23:51 | LeosMind · first_market_buy 100 food |
| 25:18 | LeosMind · wall_segment Palisade Wall x1 |
| 25:26 | Anoobis · age_up castle |
| 25:27 | |MP| Juanete177 · first_building Dock |
| 25:41 | Mashan · age_up castle |
| 25:45 | Anoobis · first_market_buy 100 food |
| 25:47 | ofespinelman · first_market_sell 100 wood |
| 26:36 | LeosMind · age_up castle |
| 27:01 | LeosMind · first_building Siege Workshop |
| 27:56 | [VA] Elfo_ricota · first_market_sell 100 food |
| 27:57 | LeosMind · first_market_sell 100 food |
| 28:17 | |MP| Juanete177 · first_market_buy 100 stone |
| 29:00 | ofespinelman · age_up castle |
| 29:24 | ajja13849 · first_building Dock |
| 29:29 | bruce6633 · first_building Castle |
| 30:48 | ofespinelman · first_market_buy 100 stone |
| 31:13 | bruce6633 · first_building Archery Range |
| 31:24 | Anoobis · wall_segment Palisade Wall x11 |
| 31:35 | Anoobis · first_market_sell 100 food |
| 31:41 | |MP| Juanete177 · first_building Monastery |
| 32:36 | Mashan · first_building Monastery |
| 32:44 | bruce6633 · wall_segment Palisade Wall x9 |
| 32:47 | LeosMind · first_building Castle |
| 34:25 | |MP| Juanete177 · first_building Castle |
| 35:02 | bruce6633 · first_market_buy 100 food |
| 35:58 | |MP| Juanete177 · first_market_sell 500 wood |
| 36:00 | ajja13849 · first_market_sell 500 food |
| 36:10 | ofespinelman · first_building Castle |
| 36:26 | ajja13849 · first_building Castle |
| 36:41 | Anoobis · first_building Siege Workshop |
| 36:43 | [VA] Elfo_ricota · first_building Monastery |
| 37:09 | ofespinelman · resign |
| 37:26 | [VA] Elfo_ricota · first_building Castle |
| 38:09 | Mashan · first_market_sell 500 food |
| 38:16 | bruce6633 · age_up imperial |
| 38:51 | Anoobis · first_building Castle |
| 38:58 | |MP| Juanete177 · age_up imperial |
| 39:15 | ajja13849 · first_building Monastery |
| 40:25 | [VA] Elfo_ricota · first_building Dock |
| 41:21 | bruce6633 · first_building Monastery |
| 42:08 | [VA] Elfo_ricota · age_up imperial |
| 42:44 | ajja13849 · age_up imperial |
| 43:46 | LeosMind · age_up imperial |
| 44:27 | Mashan · first_market_buy 100 stone |
| 44:32 | Mashan · first_building Castle |
| 45:27 | ajja13849 · first_market_buy 100 food |
| 48:21 | Mashan · age_up imperial |
| 49:25 | LeosMind · first_building Dock |
[ AI ANALYSIS · 1 CREDIT ]
What really happened in this match?
Wolo.gg analyzes every decision: build order, eco, micro, common mistakes by bracket. Personalized analysis on WhatsApp or Discord in 30 seconds.
Civ guide
Lithuanians
Perfil
Jugador #582668